 Dungeon Crawl Stone Soup version 0.30.1-4-g462c640d31 (webtiles) character file.

Game seed: 6594326728632465615

298 wingedge the Firebug (level 5, -2/41 HPs)
             Began as a Demigod Wanderer on Aug 12, 2023.
             Slain by Blork the orc
             ... wielding a +0 mace
              (5 damage)
             ... on level 4 of the Dungeon.
             The game lasted 00:10:22 (4318 turns).

wingedge the Firebug (Demigod Wanderer)             Turns: 4318, Time: 00:10:23

Health: -2/41      AC:  3    Str: 14    XL:     5   Next: 88%
Magic:  0/11       EV: 16    Int: 17    God:
Gold:   242        SH:  0    Dex: 13    Spells: 2/8 levels left

rFire   . . .        j - +2 short sword (elec)
rCold   . . .        y - orb {light}
rNeg    . . .        z - +0 robe
rPois   .            (no helmet)
rElec   .            (no cloak)
rCorr   .            (no gloves)
SInv    .            k - +0 pair of boots
Will    .....        h - amulet of guardian spirit
Stlth   +            C - +5 ring of evasion
HPRegen 0.26/turn    (no ring)
MPRegen 0.12/turn

%: guardian spirit
@: glowing
A: high MP 1, forlorn, divine attributes
a: no special abilities


You were on level 4 of the Dungeon.
You visited 1 branch of the dungeon, and saw 5 of its levels.

You collected 242 gold pieces.

Inventory:

Hand Weapons
 a - a +0 sling
 j - a +2 short sword of electrocution (weapon)
 D - a +2 short sword of venom
Missiles
 x - 3 atropa-tipped darts
Armour
 d - a +0 leather armour
 k - a +0 pair of boots (worn)
 y - an orb of light (worn)
 z - a +0 robe (worn)
Jewellery
 h - an amulet of guardian spirit (around neck)
 C - a +5 ring of evasion (left hand)
Wands
 b - a wand of polymorph (6)
Scrolls
 c - 4 scrolls of fog
 e - 2 scrolls of torment {unknown}
 i - a scroll of vulnerability {unknown}
 l - a scroll of blinking {unknown}
 p - a scroll of amnesia {unknown}
 q - a scroll of enchant armour {unknown}
 r - 3 scrolls of magic mapping {unknown}
 v - a scroll of butterflies {unknown}
 w - a scroll of identify {unknown}
 A - a scroll of immolation {unknown}
Potions
 f - a potion of haste
 g - a potion of might {unknown}
 m - a potion of magic {unknown}
 n - 2 potions of heal wounds {unknown}
 o - a potion of flight {unknown}
 s - a potion of brilliance {unknown}
 t - a potion of mutation {unknown}
 u - 2 potions of lignification {unknown}
 B - 2 potions of degeneration {unknown}


   Skills:
 - Level 2.0 Fighting
 - Level 2.6 Ranged Weapons
 - Level 1.0 Armour
 + Level 2.2 Spellcasting
 - Level 3.0 Conjurations
 + Level 1.0 Translocations
 + Level 4.3 Fire Magic
 - Level 1.0 Evocations


You had 2 spell levels left.
You knew the following spells:

 Your Spells              Type           Power      Damage    Failure   Level
a - Foxfire               Conj/Fire      56%        2x1d6     4%          1
b - Scorch                Fire           32%        2d6       4%          2
c - Volatile Blastmotes   Fire/Tloc      22%        2d11      19%         3

Your spell library contained the following spells:

 Spells                   Type           Power      Damage    Failure   Level
 Cause Fear               Hex            0%         N/A       88%         4
 Dragon Form              Tmut           0%         N/A       100%        7
 Dragon's Call            Summ           0%         N/A       100%        9


Dungeon Overview and Level Annotations

Branches:
Dungeon (5/15)             Temple (0/1) D:4

Shops:
D:3 (*

Annotations:
D:4 Blork the orc


Innate Abilities, Weirdness & Mutations

You have an increased reservoir of magic. (+10% MP)
You shall have no god before yourself.
Your divine heritage dramatically boosts your attributes as you level up.


Message History

Confirm with . or Enter, or press ? or * to list all spells.
You miscast Scorch.
You are very lightly contaminated with residual magic.
Nothing appears to happen.
The scorpion stings you.
You hit the scorpion.
The scorpion is almost dead.
The scorpion barely misses you.
You hit the scorpion but do no damage.
The scorpion is almost dead.
The scorpion stings you but does no damage.
Blork the orc screams, "I'll cover the dungeon with your blood!"
You hit the scorpion but do no damage. Lightning courses through the scorpion!
You kill the scorpion!
Blork the orc zaps a wand.
The puff of flame hits you.
Your Translocations skill increases to level 1!
Throw: 4 darts (atropa)
Press: ? - help, Shift-Dir - straight line, f - Blork the orc
Aim: Blork the orc, wielding a +0 mace, wearing a +0 robe and carrying a wand of flame (14) (haloed, 81% to hit, chance to blind on hit: 75%)
You throw an atropa-tipped dart.
The atropa-tipped dart hits Blork the orc.
Blork the orc appears confused.
You hit Blork the orc.
Blork the orc is lightly wounded.
Blork the orc seems less confused.
Blork the orc zaps a wand.
The puff of flame hits you!
You completely miss Blork the orc.
Blork the orc is lightly wounded.
Blork the orc gestures at you while chanting.
The puff of frost hits you!
You hit Blork the orc but do no damage.
Blork the orc is lightly wounded.
Blork the orc gestures at you while chanting.
The puff of frost hits you!
* * * LOW HITPOINT WARNING * * *
Okay, then.
Okay, then.
Blork the orc is no longer blind.
Your magical contamination has completely faded away.
Blork the orc attacks as you move away! Blork the orc hits you with a +0 mace.
You die...

.....# ... ...#..##
=.# #.#....### #.#
..#..#...## #.#
...##..#..# #(#
.>.....##.### #†#
....#..##...#####.#
#....#.####.....#o#
#.#..#.# #####.@.#
...##..# ###.#
......## ###
..##### ###


You could see Blork the orc.

Vanquished Creatures
  A scorpion (D:4)
  A hound (D:5)
  An orc priest (D:3)
  An iguana (D:5)
  6 adders
  An ufetubus (D:5)
  2 dart slugs
  5 orcs
  8 ball pythons
  3 bats
  8 endoplasms
  A giant cockroach (D:1)
  13 goblins
  9 hobgoblins
  6 kobolds
  3 quokkas
  3 frilled lizards (D:1)
  5 rats
77 creatures vanquished.

Vanquished Creatures (others)
  178 foxfires
178 creatures vanquished.

Grand Total: 255 creatures vanquished

Notes
Turn   | Place    | Note
-------+----------+-------------------------------------------
     0 | D:1      | wingedge the Demigod Wanderer began the quest for the Orb.
     0 | D:1      | wingedge set off with the following items: a +0 sling, a
                  | wand of polymorph (6), a scroll of fog, a +0 leather
                  | armour; and the following spell memorised: Foxfire; and the
                  | following spells available to memorise: Scorch, Volatile
                  | Blastmotes.
     0 | D:1      | Reached XP level 1. HP: 16/16 MP: 5/5
   110 | D:1      | Reached skill level 1 in Conjurations
   329 | D:1      | Reached XP level 2. HP: 22/23 MP: 1/7
  1230 | D:2      | Reached XP level 3. HP: 28/28 MP: 5/8
  2078 | D:3      | Reached skill level 3 in Fire Magic
  2241 | D:3      | Reached skill level 1 in Armour
  2241 | D:3      | Reached XP level 4. HP: 3/35 MP: 0/9
  2416 | D:3      | Found Ybusue's Antique Weapon Boutique.
  2470 | D:3      | Found Voomoloo's Assorted Antiques.
  2574 | D:3      | Learned a level 2 spell: Scorch
  2794 | D:3      | You fall into a shaft and drop 2 floors!
  2794 | D:5      | Entered Level 5 of the Dungeon
  2946 | D:5      | Reached XP level 5. HP: 40/41 MP: 1/10
  3134 | D:5      | Reached skill level 4 in Fire Magic
  3714 | D:3      | Learned a level 3 spell: Volatile Blastmotes
  4224 | D:4      | Found a staircase to the Ecumenical Temple.
  4300 | D:4      | Noticed Blork the orc
  4312 | D:4      | Reached skill level 1 in Translocations
  4315 | D:4      | HP: 2/41 [Blork the orc/puff of frost (14)]
  4318 | D:4      | Slain by Blork the orc

Illustrated notes

Levels and vault maps discovered:
D:1:      minmay_arrival_stone_box, layout_loops_cross,
          shapermc_ecumenical_altar_mp_highgroup, minmay_pentomino_o4
D:2:      layout_basic, basic_altar, hangedman_decor_growths
D:3:      layout_basic, mainiacjoe_overflow_concentric_impassable,
          nicolae_overflow_squiral, serial_shops, nicolae_shop_advertising_works
          [nicolae_subvault_shop_adworks], nicolae_shop_overgrown_old_shop,
          grunt_decor_resistance, item_on_display_a
D:4:      layout_rooms, zin_angel, kennysheep_okawaru_gauntlet,
          minmay_temple_entry_mini_moons, st_stairs_12, minmay_distorted,
          uniq_blork_the_orc
D:5:      layout_basic, grunt_ministairs_2

Skill      XL: |  1  2  3  4  5 |
---------------+----------------+-----
Conjurations   | 1 2 3 |  3.0
Spellcasting   | 2 |  2.2
Fire Magic     | 3 4 |  4.3
Armour         | 1 |  1.0
Fighting       | 2 |  2.0
Translocations | 1 |  1.0
Ranged Weapons | |  2.6
Evocations     | |  1.0

Action                     |  1- 3 |  4- 6 || total
---------------------------+-------+-------++-------
  Melee: Short sword       |     5 |    15 ||    20
   Fire: Sling             |    26 |       ||    26
  Throw: Dart              |       |     1 ||     1
   Cast: Foxfire           |    88 |    30 ||   118
         Scorch            |       |    24 ||    24
    Use: Potion            |     3 |       ||     3
 Armour: Leather armour    |    12 |     4 ||    16
         Robe              |       |     1 ||     1
  Dodge: Dodged            |    19 |    10 ||    29
